 Dungeon Crawl Stone Soup version 0.19.0-18-g426998a (webtiles) character file.

255007 Chiseanne the Rapturous (level 19, -6/157 HPs)
             Began as a Demonspawn Hunter on Nov 11, 2016.
             Was an Elder of Uskayaw.
             Shot with an arrow by a centaur warrior (13 damage)
             ... on level 2 of the Vaults.
             The game lasted 02:25:22 (42169 turns).

Chiseanne the Rapturous (Demonspawn Hunter)        Turns: 42169, Time: 02:25:23

Health: -6/157     AC: 35    Str: 16    XL:     19   Next: 3%
Magic:  33/33      EV: 13    Int: 19    God:    Uskayaw [****..]
Gold:   2271       SH: 10    Dex: 23    Spells: 0 memorised, 18 levels left

rFire  + + +     SeeInvis .     S - +7 broad axe (flame)
rCold  + + +     Gourm    .     i - +6 gold dragon scales
rNeg   + . .     Faith    .     V - +0 shield
rPois  +         Spirit   .     k - +0 hat of the Teacher {*Drain rElec Int+4 Stlth+}
rElec  +         Reflect  .     (no cloak)
rCorr  .         Harm     +     L - +2 pair of gloves
MR     +....                    E - +0 pair of boots
Stlth  ..........               t - amulet of harm
                                R - ring "Pom Fun" {rF+ rC++}
                                Y - ring of positive energy

@: agile, about to teleport, marked
A: antennae 2, thin metallic scales 2, blurry vision 1, clever 1, fire
resistance 1, powered by pain 2, spiny 3, evolution 1
a: Stomp, Line Pass, Renounce Religion
}: 2/15 runes: decaying, gossamer


You were on level 2 of the Vaults.
You worshipped Uskayaw.
Uskayaw was greatly pleased with you.
You were not hungry.

You visited 6 branches of the dungeon, and saw 33 of its levels.
You visited the Abyss 1 time.
You also visited: Volcano.

You collected 3348 gold pieces.
You spent 1077 gold pieces at shops.

Inventory:

Hand Weapons
 a - the +8 quarterstaff of Parts Unknown {speed, *Corrode rElec rF+++ Str+4}
   (You found it on level 7 of the Dungeon)

   Attacks with this weapon are significantly faster.
   It affects your strength (+4).
   It renders you almost immune to fire.
   It insulates you from electricity.
   It may corrode you when you take damage.
 s - a +5 battleaxe of chopping
 w - a +5 arbalest of flaming
 S - a +7 broad axe of flaming (weapon)
Missiles
 m - 14 javelins (quivered)
 q - 744 bolts
 y - 5 poisoned tomahawks
 D - 13 curare-tipped needles
Armour
 i - +6 gold dragon scales (worn)
 k - the +0 hat of the Teacher (worn) {*Drain rElec Int+4 Stlth+}
   (You acquired it on level 5 of the Dungeon)

   It affects your intelligence (+4).
   It insulates you from electricity.
   It causes draining when unequipped.
   It makes you more stealthy.
 E - a +0 pair of boots (worn)
 L - a +2 pair of gloves (worn)
 V - a +0 shield (worn)
Jewellery
 c - an uncursed amulet of regeneration {unknown}
 t - an amulet of harm (around neck)
 R - the ring "Pom Fun" (right hand) {rF+ rC++}
   (You found it on level 2 of the Lair of Beasts)

   [ring of protection from fire]

   It protects you from fire.
   It greatly protects you from cold.
 U - an uncursed ring of flight
 Y - a ring of positive energy (left hand)
Wands
 d - a wand of teleportation (3/9)
 l - a wand of hasting (5/9)
 B - a wand of iceblast (0/15)
 T - a wand of digging (8/24)
Scrolls
 b - 13 scrolls of identify
 e - 2 scrolls of immolation
 h - 10 scrolls of remove curse
 n - 6 scrolls of teleportation
 r - a scroll of blinking
 x - 3 scrolls of recharging
 C - a scroll of fog
 M - a scroll of summoning
Potions
 j - 2 potions of agility
 p - a potion of berserk rage
 v - a potion of invisibility
 z - 6 potions of flight
 G - 7 potions of curing
 I - 2 potions of ambrosia
 N - a potion of resistance
 O - 5 potions of cancellation
Comestibles
 f - 22 bread rations
 g - 9 beef jerkies
 o - 17 meat rations
 F - 16 fruits
 Q - 3 royal jellies


   Skills:
 - Level 15.9 Fighting
 * Level 3.2 Axes
 - Level 5.3 Staves
 - Level 3.6 Throwing
 - Level 15.8 Armour
 - Level 15.7 Dodging
 - Level 0.8 Stealth
 * Level 3.0 Shields
 - Level 21.1 Invocations


You had 18 spell levels left.
You didn't know any spells.

Dungeon Overview and Level Annotations

Branches:
Dungeon (15/15)            Temple (0/1) D:6            Lair (6/6) D:11
  Swamp (4/4) Lair:4       Spider (4/4) Lair:2        Slime (0/5) Lair:5
    Orc (2/2) D:10            Elf (0/3) Orc:2        Vaults (2/5) D:14
 Depths (0/5) D:15
  Crypt: Vaults:2-3

Altars:
Cheibriados
Fedhas
Ru
Uskayaw
Zin
Beogh
Jiyva

Shops:
D:5 *   D:12 *   D:13 *   Orc:2 [*(:

Annotations:
Spider:4 2 exclusions
Orc:2 exclusion: upstairs
Vaults:2 Xtahua


Innate Abilities, Weirdness & Mutations

You have a pair of antennae on your head.
You are mostly covered in thin metallic scales. (AC +3)
Your flesh is heat resistant. (rF+)
You sometimes gain power by taking damage.
You are completely covered in sharp spines.
Scrolls take you a little longer to read.
Your mind is acute. (Int +2)
You evolve.


Message History

Press: ? - help, Shift-Dir - straight line, f - you You feel strangely unstable.
This wand has 3 charges left.
The centaur warrior shoots an arrow.
The arrow hits you but does no damage.
The storm dragon bites you but does no damage.
The storm dragon barely misses you. The storm dragon completely misses you.
The yaktaur captain wields an arbalest.
The yaktaur captain shoots a bolt.
The bolt hits you.
* * * LOW HITPOINT WARNING * * *
The ettin closely misses you. The ettin hits you but does no damage.
The hell knight hits you with an enchanted demon whip!!
* * * LOW HITPOINT WARNING * * *
The slime creature hits you!
* * * LOW HITPOINT WARNING * * *
You focus on the pain.
You feel agile all of a sudden.
The storm dragon bites you but does no damage.
The storm dragon claws you but does no damage.
You block the storm dragon's attack.
The centaur warrior shoots an arrow.
The arrow hits you!
You die...

#.......##......#
#.......##......# ##
#.......##......#
..##
######'###......#
....#
#......'......#
..!..
#....Dc#......+
#..e..
#.(....#......#
#...##...J.(########
#....#..p@..#
#..pC..pDCc#
#...#.)(.c.#
#...#......F.c(
#....##########o
#.e.# ..... .....#
....#


You could see Xtahua, an ironheart preserver, a storm dragon, a stone giant, a
yaktaur captain, an ettin, a hell knight, a slime creature, a centaur warrior,
an ironbrand convoker, a yaktaur and a spiny frog.

Vanquished Creatures
  Mara (Swamp:3)
  A bone dragon (Abyss:2)
  Arachne (Spider:4)
  Jorgrun (Swamp:3)
  Rupert (Lair:3)
  A tentacled monstrosity (Swamp:1)
  Asterion (Vaults:1)
  2 tentacled starspawn (Abyss:2)
  A thorn hunter (Swamp:1)
  Kirke (Lair:5)
  3 emperor scorpions (Spider:4)
  A deep elf sorcerer (Vaults:1)
  A draconian knight (Abyss:2)
  A vault warden (Vaults:1)
  2 orc warlords
  A ghost moth (Spider:4)
  Louise (Swamp:1)
  5 ironheart preservers
  A stone giant (Vaults:2)
  2 entropy weavers
  A deep elf demonologist (Vaults:2)
  A deep elf annihilator (Vaults:2)
  5 yaktaur captains
  An ettin (D:15)
  4 fire dragons
  A rakshasa (Vaults:1)
  2 ice dragons
  2 vault guards (Vaults:1)
  Erica (D:11)
  A catoblepas (D:14)
  A death knight (D:14)
  12 hydras
  5 centaur warriors
  A dancing weapon (Orc:2)
  3 alligators (Swamp:3)
  7 ogre magi (Vaults:1)
  8 death scarabs (Spider:4)
  Urug (D:14)
  18 death yaks
  A thrashing horror (Abyss:2)
  3 orc high priests
  A deep elf knight (D:15)
  A wretched star (Abyss:2)
  4 skeletal warriors (D:13)
  A spectral emperor scorpion (Spider:4)
  2 fire crabs
  7 unseen horrors
  A spriggan druid (Swamp:1)
  2 deep trolls (Vaults:1)
  6 swamp dragons
  3 deep elf archers
  5 spectral wolf spiders (Spider:4)
  A shambling mangrove (Swamp:3)
  3 wolf spider zombies (Spider:4)
  2 ironbrand convokers (Vaults:1)
  9 orc knights
  2 wizards (Vaults:1)
  12 hill giants
  3 lindwurms
  A harpy (shapeshifter) (Vaults:2)
  4 orc sorcerers
  13 orb spiders
  An ugly thing (D:11)
  10 wolf spiders
  8 deep elf magi
  11 cyclopes
  A moth of wrath (Spider:4)
  A worldbinder (Abyss:2)
  A centaur zombie (D:14)
  5 vault sentinels
  7 black mambas
  22 elephants
  A molten gargoyle (Volcano)
  A guardian serpent (shapeshifter) (D:15)
  15 spiny frogs
  A torpor snail (Spider:1)
  3 gargoyles
  7 komodo dragons
  5 kobold demonologists
  3 smoke demons (Abyss:2)
  6 rime drakes
  An orange demon (Abyss:2)
  A freezing wraith (Vaults:1)
  3 demonic crawlers
  21 yaktaurs
  3 spectral redbacks (Spider:4)
  7 starcursed masses (Abyss:2)
  A tengu conjurer (D:15)
  5 polar bears
  7 spectral tarantellas (Spider:4)
  A troll (shapeshifter) (Vaults:1)
  17 hornets
  16 two-headed ogres
  7 tyrant leeches
  10 trolls
  A hornet (shapeshifter) (D:15)
  28 blink frogs
  A spectral jumping spider (Spider:4)
  24 slime creatures
  22 jumping spiders
  4 jumping spider zombies (Spider:4)
  A meliai zombie (D:15)
  2 large abominations (Abyss:2)
  10 hippogriffs
  10 dream sheep (Lair:6)
  A tarantella zombie (Spider:4)
  7 bog bodies
  2 shadows
  5 spriggans
  23 redbacks
  The ghost of Nordron the Ducker, an amateur SpMo of Uskayaw (D:5)
  A vampire (D:10)
  6 wyverns
  6 fire bats (Volcano)
  4 hogs (Lair:5)
  16 humans
  67 yaks
  20 tarantellas
  6 basilisks
  A chaos spawn (Abyss:2)
  25 vampire mosquitoes
  A redback simulacrum (D:15)
  A hungry ghost (D:15)
  A steam dragon (shapeshifter) (Vaults:1)
  2 neqoxecs (Abyss:2)
  12 swamp worms
  5 wargs
  7 mottled dragons
  6 insubstantial wisps
  4 steam dragons
  10 porcupines
  15 water moccasins
  32 orc warriors
  A spectral hornet (Spider:4)
  A black bear (D:11)
  2 small abominations (Abyss:2)
  A hell hound (Volcano)
  3 ice beasts
  5 sky beasts
  14 swamp drakes
  An eye of draining (D:15)
  A phantom (D:11)
  A necrophage (D:10)
  27 ogres
  6 wolves
  4 boggarts (Vaults:1)
  14 centaurs
  16 crocodiles
  5 big kobolds
  Blork the orc (Orc:2)
  A gnoll sergeant (D:7)
  21 bullfrogs
  A wyvern zombie (D:14)
  5 scorpions
  A water moccasin skeleton (D:10)
  21 killer bees
  2 electric eels (D:10)
  4 wights (D:12)
  4 howler monkeys
  A howler monkey (shapeshifter) (Abyss:2)
  12 crimson imps
  4 lava snakes
  4 hounds
  2 quasits
  A bullfrog zombie (D:10)
  8 centaur skeletons
  17 orc priests
  2 bullfrog skeletons
  7 jellies
  30 orc wizards
  A gnoll shaman (Orc:2)
  6 iguanas
  6 hell rats (Lair:6)
  8 worker ants
  2 hound zombies
  A hound skeleton (D:10)
  A howler monkey zombie (D:4)
  Robin (D:3)
  11 gnolls
  2 howler monkey skeletons (D:10)
  19 adders
  4 shadow imps
  An ooze (D:1)
  2 adder zombies (D:5)
  4 worms
  2 dart slugs (D:3)
  8 leopard geckos
  59 orcs
  4 ball pythons
  7 bats
  3 giant cockroaches
  16 goblins
  15 hobgoblins
  19 jackals
  5 quokkas
  6 frilled lizards
  25 kobolds
  7 rats
  A briar patch (Swamp:1)
  A fungus (Lair:5)
  A plant (Lair:2)
1289 creatures vanquished.

Vanquished Creatures (collateral kills)
  A blink frog (Lair:2)
  A crocodile (Lair:2)
2 creatures vanquished.

Vanquished Creatures (others)
  An unseen horror (D:15)
  A wizard (D:14)
  An orb spider (Spider:1)
  A komodo dragon (Lair:6)
  A steam dragon (Swamp:4)
  2 swamp drakes (Swamp:4)
  An orc warrior (D:14)
  2 orcs
  A goblin (D:3)
  A bush (D:10)
  25 fungi
  16 plants
  4 starspawn tentacles (Abyss:2)
57 creatures vanquished.

Grand Total: 1348 creatures vanquished

Notes
Turn   | Place    | Note
-------+----------+-------------------------------------------
     0 | D:1      | Chiseanne the Demonspawn Hunter began the quest for the Orb.
     0 | D:1      | Reached XP level 1. HP: 16/16 MP: 1/1
   486 | D:1      | Gained mutation: You are partially covered in sharp spines. [demonic ancestry]
   486 | D:1      | Reached XP level 2. HP: 2/23 MP: 2/2
  1247 | D:1      | Gained mutation: You sometimes gain a little power by taking damage. [demonic ancestry]
  1247 | D:1      | Reached XP level 3. HP: 28/28 MP: 3/3
  1924 | D:2      | Reached XP level 4. HP: 35/35 MP: 4/4
  2138 | D:2      | Reached skill level 1 in Armour
  2287 | D:2      | Found a glowing silver altar of Zin.
  2287 | D:2      | Found a hide-covered altar of Uskayaw.
  2291 | D:2      | Became a worshipper of Uskayaw the Reveler
  2506 | D:3      | Reached * piety under Uskayaw
  2519 | D:3      | Noticed Robin
  2526 | D:3      | Reached ** piety under Uskayaw
  2537 | D:3      | Reached *** piety under Uskayaw
  2539 | D:3      | Killed Robin
  2539 | D:3      | Reached **** piety under Uskayaw
  2553 | D:3      | Reached ***** piety under Uskayaw
  2580 | D:3      | Reached XP level 5. HP: 27/41 MP: 5/5
  3452 | D:4      | Reached skill level 1 in Invocations
  3463 | D:4      | Gained mutation: You are partially covered in thin metallic scales. (AC +2) [demonic ancestry]
  3463 | D:4      | Reached XP level 6. HP: 37/47 MP: 7/7
  3480 | D:4      | Found a sacrificial altar of Ru.
  3564 | D:4      | Reached skill level 2 in Invocations
  4152 | D:5      | Entered Level 5 of the Dungeon
  4152 | D:5      | Noticed an ice beast
  4162 | D:5      | Reached skill level 3 in Invocations
  4171 | D:5      | Killed an ice beast
  4171 | D:5      | Reached XP level 7. HP: 26/55 MP: 9/9
  4447 | D:5      | Noticed Nordron's ghost (amateur SpMo)
  4456 | D:5      | Killed Nordron's ghost
  4456 | D:5      | Reached skill level 4 in Invocations
  4804 | D:5      | Reached skill level 5 in Fighting
  4990 | D:5      | Identified 2 scrolls of acquirement
  5007 | D:5      | Got a distressingly furry hat
  5019 | D:5      | Identified the +0 hat of the Teacher {*Drain rElec Int+4 Stlth+} (You acquired it on level 5 of the Dungeon)
  5092 | D:5      | Found Eptaezubb's Assorted Antiques.
  5098 | D:5      | Bought a scroll of identify for 48 gold pieces
  5098 | D:5      | Bought a scroll of identify for 48 gold pieces
  5098 | D:5      | Bought a scroll of identify for 48 gold pieces
  5098 | D:5      | Bought a cyan potion for 21 gold pieces
  5098 | D:5      | Bought a scroll labeled IKEROUN YTZA for 24 gold pieces
  5098 | D:5      | Bought a grey potion for 21 gold pieces
  5226 | D:5      | Reached skill level 5 in Invocations
  5226 | D:5      | Reached XP level 8. HP: 60/62 MP: 11/11
  5758 | D:6      | Reached skill level 5 in Armour
  5790 | D:6      | Found a staircase to the Ecumenical Temple.
  6035 | D:7      | Reached skill level 6 in Invocations
  6096 | D:7      | Reached ****** piety under Uskayaw
  6458 | D:7      | Got a fine quarterstaff
  6459 | D:7      | Identified the +8 quarterstaff of Parts Unknown {speed, *Corrode rElec rF+++ Str+4} (You found it on level 7 of the Dungeon)
  6496 | D:7      | Reached skill level 5 in Dodging
  6496 | D:7      | Reached skill level 7 in Invocations
  6496 | D:7      | Reached XP level 9. HP: 71/71 MP: 14/14
  6948 | D:7      | Killed an unseen horror
  6948 | D:7      | Reached skill level 8 in Invocations
  7989 | D:8      | Reached skill level 9 in Invocations
  8002 | D:8      | Reached XP level 10. HP: 58/80 MP: 16/16
  8165 | D:9      | Noticed an eight-headed hydra
  8174 | D:9      | Killed an eight-headed hydra
  8849 | D:9      | Reached skill level 10 in Invocations
  9186 | D:10     | Entered Level 10 of the Dungeon
  9292 | D:10     | Found a blossoming altar of Fedhas.
  9676 | D:10     | Noticed a hill giant
  9688 | D:10     | Killed a hill giant
  9707 | D:10     | Found a staircase to the Orcish Mines.
  9756 | D:10     | Noticed a cyclops
  9778 | D:10     | Killed a cyclops
  9778 | D:10     | Gained mutation: You are mostly covered in sharp spines. [demonic ancestry]
  9778 | D:10     | Reached XP level 11. HP: 48/89 MP: 18/18
 10224 | D:10     | Identified Sif Muna's Incunabulum of the Entrancing Arsonist
 10810 | D:11     | Killed an unseen horror
 10810 | D:11     | Reached skill level 11 in Invocations
 10867 | D:11     | Noticed a green ugly thing
 10885 | D:11     | Killed a green ugly thing
 10953 | D:11     | Noticed a death yak
 10967 | D:11     | Killed a death yak
 10991 | D:11     | Found a staircase to the Lair.
 10993 | D:11     | Noticed a death yak
 11013 | D:11     | Killed a death yak
 11324 | D:11     | Noticed Erica
 11335 | D:11     | Killed Erica
 11335 | D:11     | Reached skill level 10 in Fighting
 11335 | D:11     | Reached skill level 12 in Invocations
 11390 | D:11     | Noticed a sun demon
 11745 | D:11     | Noticed an ice dragon
 11749 | D:11     | Gained mutation: You have a pair of small antennae on your head. [demonic ancestry]
 11749 | D:11     | Reached XP level 12. HP: 97/97 MP: 21/21
 11761 | D:11     | Killed an ice dragon
 12605 | Orc:1    | Entered Level 1 of the Orcish Mines
 12791 | Orc:2    | Entered Level 2 of the Orcish Mines
 13146 | Orc:1    | Reached skill level 10 in Armour
 13155 | Orc:1    | Reached skill level 13 in Invocations
 13510 | Orc:1    | Noticed an orc warlord
 13511 | Orc:1    | Noticed an orc high priest
 13535 | Orc:1    | Killed an orc high priest
 13542 | Orc:1    | Killed an orc warlord
 13542 | Orc:1    | Reached skill level 10 in Dodging
 13963 | Orc:2    | Noticed Blork the orc
 14000 | Orc:2    | Gained mutation: You sometimes gain power by taking damage. [demonic ancestry]
 14000 | Orc:2    | Reached XP level 13. HP: 70/106 MP: 23/23
 14005 | Orc:2    | Killed Blork the orc
 14618 | Orc:2    | Noticed an orc warlord
 14647 | Orc:2    | Killed an orc warlord
 15267 | Orc:2    | Found a roughly hewn altar of Beogh.
 15617 | Orc:2    | Reached skill level 14 in Invocations
 15857 | Orc:2    | Found Vor Ire's Antique Weapon Emporium.
 15865 | Orc:2    | Found Raorph's Antique Armour Emporium.
 15887 | Orc:2    | Found Bagiwam's General Store.
 15920 | Orc:2    | Found Sizive Qeva's Book Emporium.
 15980 | Orc:2    | Bought a scroll of teleportation for 39 gold pieces
 15999 | Orc:2    | Found a staircase to the Elven Halls.
 16641 | Lair:1   | Entered Level 1 of the Lair of Beasts
 17989 | Lair:2   | Found a hole to the Spider Nest.
 18008 | Lair:2   | Reached skill level 15 in Invocations
 18027 | Lair:2   | Got a serpentine glass ring
 18217 | Lair:2   | Identified the ring "Pom Fun" {rF+ rC++} (You found it on level 2 of the Lair of Beasts)
 18284 | Lair:2   | Gained mutation: You are completely covered in sharp spines. [demonic ancestry]
 18284 | Lair:2   | Reached XP level 14. HP: 116/116 MP: 25/25
 18627 | Lair:3   | Noticed Rupert
 18634 | Lair:3   | Paralysed by Rupert for 4 turns
 18651 | Lair:3   | Killed Rupert
 19644 | Lair:4   | Found a dark tunnel.
 19683 | Volcano  | Entered a volcano
 19794 | Volcano  | Found a burning altar of Makhleb.
 20726 | Lair:4   | Reached skill level 16 in Invocations
 20793 | Lair:4   | Found a staircase to the Swamp.
 22027 | Lair:5   | Noticed Kirke
 22055 | Lair:5   | Found a staircase to the Slime Pits.
 22072 | Lair:6   | Entered Level 6 of the Lair of Beasts
 22332 | Lair:5   | Reached XP level 15. HP: 74/124 MP: 23/27
 22959 | Lair:5   | Killed Kirke
 24319 | Lair:6   | Reached skill level 17 in Invocations
 24935 | Lair:6   | Got a brightly glowing plate armour
 25027 | Lair:6   | Identified the +2 plate armour of Catatonia {+Fly rC+ rN+ Slay-3} (You found it on level 6 of the Lair of Beasts)
 26037 | D:12     | Found Ryemir's General Store.
 26041 | D:12     | Bought a meat ration for 60 gold pieces
 26263 | D:12     | Paralysed by a wight for 6 turns
 26457 | D:13     | Found Piehiegy's General Store.
 26495 | D:13     | Bought 2 scrolls of fog for 64 gold pieces
 26495 | D:13     | Bought a scroll of blinking for 120 gold pieces
 26495 | D:13     | Bought a cursed ring of teleportation for 72 gold pieces
 26495 | D:13     | Bought a wand of teleportation (4/9) for 384 gold pieces
 26495 | D:13     | Bought 2 fruits for 48 gold pieces
 26495 | D:13     | Bought a bread ration for 80 gold pieces
 27445 | D:14     | Found a gate to the Vaults.
 27445 | D:14     | Noticed Urug
 27560 | D:14     | Gained mutation: You are mostly covered in thin metallic scales. (AC +3) [demonic ancestry]
 27560 | D:14     | Reached XP level 16. HP: 79/134 MP: 28/28
 27570 | D:14     | Killed Urug
 28132 | D:14     | Found a snail-covered altar of Cheibriados.
 28909 | D:15     | Entered Level 15 of the Dungeon
 28934 | D:15     | Reached skill level 18 in Invocations
 29669 | D:15     | Found a staircase to the Depths.
 29936 | D:15     | Found a viscous altar of Jiyva.
 30396 | Swamp:1  | Entered Level 1 of the Swamp
 30410 | Swamp:1  | Noticed Louise
 30428 | Swamp:1  | Killed Louise
 30432 | Swamp:1  | Noticed a tentacled monstrosity
 30438 | Swamp:1  | Noticed a thorn hunter
 30444 | Swamp:1  | Killed a tentacled monstrosity
 30453 | Swamp:1  | Killed a thorn hunter
 30513 | Swamp:1  | Reached skill level 15 in Fighting
 30813 | Swamp:1  | Noticed a thorn hunter
 31472 | Swamp:4  | Entered Level 4 of the Swamp
 32085 | Swamp:4  | Noticed Mara
 32100 | Swamp:4  | Noticed Chiseanne's illusion
 32355 | Swamp:4  | Noticed Chiseanne's illusion
 32362 | Swamp:3  | Killed Mara
 32451 | Swamp:3  | Noticed Jorgrun
 32497 | Swamp:3  | Killed Jorgrun
 32775 | Swamp:3  | Gained mutation: You have a pair of antennae on your head. [demonic ancestry]
 32775 | Swamp:3  | Reached XP level 17. HP: 84/142 MP: 30/30
 33081 | Swamp:4  | Reached skill level 19 in Invocations
 33605 | Swamp:4  | Got a decaying rune of Zot
 33930 | Spider:1 | Entered Level 1 of the Spider Nest
 35362 | Spider:4 | Entered Level 4 of the Spider Nest
 35767 | Spider:4 | Reached skill level 1 in Staves
 37489 | Spider:4 | Noticed Arachne
 37501 | Spider:4 | Killed Arachne
 37543 | Spider:4 | Reached skill level 20 in Invocations
 37551 | Spider:4 | Reached skill level 15 in Armour
 37564 | Spider:4 | Gained mutation: Your flesh is heat resistant. (rF+) [demonic ancestry]
 37564 | Spider:4 | Reached XP level 18. HP: 73/151 MP: 30/32
 37808 | Spider:4 | Got a gossamer rune of Zot
 38129 | Vaults:1 | Entered Level 1 of the Vaults
 38283 | Vaults:1 | Reached skill level 15 in Dodging
 38548 | Vaults:1 | Cast into level 2 of the Abyss (a wizard)
 38744 | Abyss:2  | Gained mutation: Scrolls take you a little longer to read. [a neqoxec]
 38751 | Abyss:2  | Gained mutation: Your mind is acute. (Int +2) [a neqoxec]
 38752 | Abyss:2  | Gained mutation: You evolve. [a neqoxec]
 38783 | Abyss:2  | Noticed a bone dragon
 38812 | Abyss:2  | Killed a bone dragon
 39008 | Abyss:2  | Reached skill level 5 in Staves
 39088 | Vaults:1 | Escaped the Abyss
 39813 | Vaults:1 | Noticed Asterion
 39830 | Vaults:1 | Killed Asterion
 39927 | Vaults:1 | HP: 5/151 [yaktaur captain/bolt (38)]
 40635 | Vaults:1 | Reached skill level 21 in Invocations
 41547 | Vaults:2 | Reached skill level 1 in Axes
 41547 | Vaults:2 | Reached skill level 1 in Shields
 41729 | Vaults:2 | Reached XP level 19. HP: 63/157 MP: 33/33
 42168 | Vaults:2 | Noticed Xtahua
 42169 | Vaults:2 | HP: 7/157 [slime creature (13)]
 42169 | Vaults:2 | Shot with an arrow by a centaur warrior

Skill      XL: |  1  2  3  4  5  6  7  8  9 10 11 12 13 14 15 16 17 18 19 |
---------------+----------------------------------------------------------+-----
Dodging        | 2 3 5 6 7 9 10 11 12 13 14 15 | 15.7
Fighting       | 3 4 5 6 7 9 10 11 12 13 14 15 | 15.9
Armour         | 2 3 4 5 7 8 9 10 11 12 13 14 15 | 15.8
Invocations    | 1 3 5 7 9 10 12 13 15 16 17 18 20 21 | 21.1
Staves         | 3 5 |  5.3
Axes           | 2 3 |  3.2
Shields        | 2 3 |  3.0
Throwing       | |  3.6
Stealth        | |  0.8

Action                   |  1- 3 |  4- 6 |  7- 9 | 10-12 | 13-15 | 16-18 | 19-21 || total
-------------------------+-------+-------+-------+-------+-------+-------+-------++-------
Melee: Short sword       |    97 |       |       |       |       |       |       ||    97
       Dagger            |     8 |   181 |    72 |       |       |       |       ||   261
       Falchion          |       |     3 |    47 |       |       |       |       ||    50
       Quarterstaff      |       |       |    82 |   467 |  1183 |  1173 |       ||  2905
       Unarmed           |       |       |       |       |    25 |       |       ||    25
       Broad axe         |       |       |       |       |       |    33 |    14 ||    47
 Fire: Arbalest          |       |       |       |       |     7 |    43 |       ||    50
Throw: Javelin           |     5 |       |     2 |     1 |    25 |   114 |       ||   147
       Throwing net      |       |       |       |     6 |     1 |       |       ||     7
       Tomahawk          |       |       |       |       |    37 |     3 |       ||    40
Invok: Line Pass         |       |       |       |     1 |       |     1 |       ||     2
       Stomp             |       |       |       |     2 |     2 |    62 |       ||    66
       Grand Finale      |       |       |       |       |     2 |     2 |       ||     4
Evoke: Wand              |       |       |       |    12 |     1 |    24 |     1 ||    38
  Use: Scroll            |       |       |    23 |     7 |    11 |    22 |       ||    63
       Potion            |       |       |       |     2 |     9 |    15 |       ||    26
 Stab: Paralysed         |       |     4 |    12 |    45 |   156 |   123 |     1 ||   341
       Held in net/web   |       |       |       |     1 |       |       |       ||     1
       Invisible         |       |       |       |       |     1 |     1 |       ||     2
  Eat: Chunk             |     3 |     7 |    13 |    19 |    37 |    38 |       ||   117
       Pizza             |       |       |       |       |     6 |       |       ||     6
       Fruit             |       |       |       |       |       |    24 |     2 ||    26
Armor: Leather armour    |    38 |       |       |       |       |       |       ||    38
       Ring mail         |     6 |    64 |    26 |       |       |       |       ||    96
       Gold dragon scale |       |       |   164 |   290 |   801 |  1070 |    25 ||  2350
       Plate armour      |       |       |       |       |     2 |       |       ||     2
Dodge: Dodged            |    72 |   119 |    51 |   118 |   437 |   683 |    11 ||  1491
Block: Shield            |       |       |       |       |       |    20 |    12 ||    32
       Rpst.: Falchion   |       |     1 |    10 |       |       |       |       ||    11
